Map: [ESL] Post-Youth

Players

Astrea - Winner!

  • Race: Protoss Protoss
  • Spawn Location: 7:00

trigger

  • Race: Protoss Protoss
  • Spawn Location: 1:00

Event: ESL SC2 Masters 2024 Spring (Regional)

VOD

Have the link to the VOD?

Description

Time

  • Played on: May 5, 2024, 2:21 p.m.
  • Length: 4:49

All games in this series

Show
View Real Time Build Order
Export as new Build Order

Astrea Protoss - Winner!

Build Orders:  

Get SALT Encoding   

  12  0:00  Probe  
  13  0:12  Probe  
  14  0:18  Pylon  
  14  0:24  Probe (Chrono Boost)  
  15  0:36  Probe (Chrono Boost)  
  15  0:39  Gateway  
  16  0:45  Probe (Chrono Boost)  
  17  0:50  Assimilator  
  17  0:51  Probe  
  18  1:03  Probe  
  19  1:06  Gateway  
  19  1:15  Probe  
  20  1:26  Cybernetics Core  
  20  1:27  Probe  
  21  1:35  Pylon  
  21  1:39  Probe  
  22  1:51  Probe  
  23  2:03  Stalker (Chrono Boost), Probe  
  23  2:04  Stalker (Chrono Boost)  
  28  2:10  Warp Gate (Chrono Boost)  
  28  2:11  Pylon  
  29  2:15  Probe  
  29  2:27  Probe  
  29  2:29  Stalker  
  32  2:36  Pylon  
  32  2:39  Probe  
  33  2:48  Stalker  
  35  2:52  Assimilator  
  34  3:07  Nexus  
  34  3:16  Shield Battery  
  34  3:24  Probe  
  35  3:29  Robotics Facility  
  35  3:39  Probe  
  34  3:51  Probe  
  33  4:00  Shield Battery  
  33  4:01  Adept x2  
  35  4:06  Gateway  
  35  4:08  Shield Battery  
  35  4:16  Immortal (Chrono Boost)  
  39  4:38  Stalker x2  
Show
View Real Time Build Order
Export as new Build Order

trigger Protoss 

Build Orders:  

Get SALT Encoding   

  12  0:00  Probe  
  13  0:12  Probe  
  14  0:20  Pylon  
  14  0:24  Probe  
  15  0:38  Probe (Chrono Boost)  
  15  0:39  Gateway  
  16  0:47  Probe (Chrono Boost)  
  16  0:48  Assimilator  
  17  0:52  Probe (Chrono Boost)  
  18  0:58  Assimilator  
  18  1:03  Assimilator  
  18  1:07  Probe (Chrono Boost)  
  19  1:17  Probe (Chrono Boost)  
  20  1:21  Gateway  
  20  1:33  Cybernetics Core  
  20  1:35  Probe  
  21  1:45  Pylon  
  21  1:47  Probe  
  22  1:54  Pylon  
  22  1:59  Probe  
  22  2:09  Warp Gate (Chrono Boost)  
  22  2:10  Adept x2  
  22  2:13  Probe  
  27  2:18  Pylon  
  27  2:38  Twilight Council  
  27  2:42  Stalker  
  29  2:46  Stalker  
  31  3:12  Nexus  
  29  3:29  Pylon  
  25  3:44  Probe (Chrono Boost)  
  25  3:53  Probe (Chrono Boost)  
  24  3:59  Sentry  
  24  4:01  Probe  
  27  4:13  Stalker  
  29  4:29  Sentry  
Tags
 
Add a new tag
Caveats
  • Supply blocks, unpowered buildings, or Contaminate may cause inaccurate times.
  • Supply counts are checked every 10 seconds.